 Dungeon Crawl Stone Soup version 0.31.0-32-g396128a36d (webtiles) character file.

Game seed: 999176463684589903

1754 Doomgape the Fighter (level 8, -2/89 HPs)
             Began as a Troll Berserker on Mar 15, 2024.
             Was a Priest of Trog.
             Slain by a vampire mosquito (8 damage)
             ... on level 4 of the Dungeon.
             The game lasted 00:08:53 (2782 turns).

Doomgape the Fighter (Troll Berserker)              Turns: 2782, Time: 00:08:54

Health: -2/89      AC:  7    Str: 34    XL:     8   Next: 78%
Magic:  7/7        EV: 11    Int:  3    God:    Trog [***...]
Gold:   336        SH:  0    Dex:  9    Spells: 7/7 levels left

rFire   . .          .
                       - Unarmed
rCold   + . .        (no shield)
rNeg    . . .        e - +3 robe "Xugaukyo" {Archmagi}
rPois   .            (helmet restricted)
rElec   .            (no cloak)
rCorr   .            (gloves unavailable)
SInv    .            (boots unavailable)
Will    .....        (no amulet)
Stlth   +            k - ring of protection from cold
HPRegen 1.14/turn    o - +6 ring of strength
MPRegen 0.10/turn

%: archmagi
@: no status effects
A: large, unfitting armour, claws 3, regeneration 1, shaggy fur 1, tough skin 1,
no potion heal 1
a: Renounce Religion, Berserk, Trog's Hand


You were on level 4 of the Dungeon.
You worshipped Trog.
Trog was most pleased with you.
You visited 1 branch of the dungeon, and saw 5 of its levels.

You collected 336 gold pieces.

Inventory:

Missiles
 g - 5 javelins (quivered)
Armour
 e - the +3 robe "Xugaukyo" (worn) {Archmagi}
   (You took it off an orc on level 3 of the Dungeon)

   Archmagi:  It increases the power of your magical spells.
Jewellery
 k - a ring of protection from cold (left claw)
 l - a ring of positive energy
 o - a +6 ring of strength (right claw)
Wands
 d - a wand of roots (13)
 h - a wand of flame (25)
Scrolls
 b - a scroll of blinking
 c - 2 scrolls of amnesia
 f - 2 scrolls of identify
Potions
 i - a potion of degeneration {unknown}
 j - a potion of attraction


   Skills:
 + Level 8.4 Fighting
 + Level 6.8 Dodging
 + Level 8.2 Unarmed Combat


You had 7 spell levels left.
You didn't know any spells.
Your spell library was empty.

Dungeon Overview and Level Annotations

Branches:
Dungeon (5/15)
 Temple: D:4-7

Altars:
Fedhas
Nemelex Xobeh

Shops:
D:1 [   D:4 [


Innate Abilities, Weirdness & Mutations

You are too large for most types of armour.
You have claws for hands.
Your natural rate of healing is unusually fast.
You are covered in fur. (AC +1)
You have tough skin. (AC +1)
Potions are less effective at restoring your health.


Message History

Unknown command.
You claw the vampire mosquito!
The vampire mosquito is severely damaged.
The vampire mosquito barely misses you.
The vampire mosquito bites you but does no damage.
The vampire mosquito barely misses you.
The vampire mosquito bites you but does no damage.
The vampire mosquito closely misses you.
You barely miss the vampire mosquito.
The vampire mosquito is severely damaged.
The vampire mosquito misses you. The vampire mosquito bites you.
* * * LOW HITPOINT WARNING * * *
The vampire mosquito draws strength from your injuries!
The vampire mosquito bites you.
* * * LOW HITPOINT WARNING * * *
The vampire mosquito draws strength from your injuries!
The vampire mosquito bites you.
* * * LOW HITPOINT WARNING * * *
The vampire mosquito draws strength from your injuries!
You claw the vampire mosquito!
The vampire mosquito is almost destroyed.
The vampire mosquito closely misses you.
The vampire mosquito bites you but does no damage.
The vampire mosquito closely misses you.
The vampire mosquito barely misses you. x2; The vampire mosquito bites you.
* * * LOW HITPOINT WARNING * * *
The vampire mosquito draws strength from your injuries!
You mangle the vampire mosquito!!
You destroy the vampire mosquito!
Trog accepts your kill.
The vampire mosquito bites you but does no damage.
The vampire mosquito bites you.
* * * LOW HITPOINT WARNING * * *
The vampire mosquito draws strength from your injuries!
The vampire mosquito closely misses you.
You scratch the vampire mosquito.
The vampire mosquito is lightly damaged.
The vampire mosquito bites you but does no damage.
The vampire mosquito barely misses you. The vampire mosquito bites you!
You die...

.........#...|.....#
.........#.........#
#'########......[..#
.....# ###[......#
.....# #.......#
.....# #.......#
.....# #.......#
.....# #.......#
.....#######....@..#
###............yy..#
#..............(.#
#................#
#................#
###................#
............########
............#
.<..........#


You could see 2 vampire mosquitoes.

Vanquished Creatures
  Pikel (D:4)
  2 vampire mosquitoes (D:4)
  Duvessa (D:4)
  2 ogres
  4 necrophages (D:4)
  A scorpion (D:4)
  A water moccasin zombie (D:4)
  Dowan (D:4)
  A bombardier beetle (D:4)
  A jelly (D:4)
  An orc priest (D:3)
  A scorpion zombie (D:4)
  Natasha (thrice) (D:3)
  2 adders
  3 dart slugs
  4 orcs (D:3)
  4 ball pythons
  9 endoplasms
  3 giant cockroaches
  6 goblins
  4 hobgoblins
  7 kobolds
  3 quokkas
  7 bats
  3 frilled lizards
  4 rats
79 creatures vanquished.

Vanquished Creatures (others)
  A bat (D:1)
  An endoplasm (D:1)
  A goblin (D:1)
3 creatures vanquished.

Grand Total: 82 creatures vanquished

Notes
Turn   | Place    | Note
-------+----------+-------------------------------------------
     0 | D:1      | Doomgape the Troll Berserker began the quest for the Orb.
     0 | D:1      | Reached XP level 1. HP: 22/22 MP: 0/0
   162 | D:1      | Found Alires's Antique Armour Shoppe.
   254 | D:1      | Reached XP level 2. HP: 29/29 MP: 1/1
   909 | D:2      | Reached XP level 3. HP: 32/36 MP: 2/2
  1542 | D:3      | Found a sparkling altar of Nemelex Xobeh.
  1616 | D:3      | Noticed Natasha
  1623 | D:3      | Killed Natasha
  1623 | D:3      | Reached ** piety under Trog
  1624 | D:3      | Reached XP level 4. HP: 40/45 MP: 3/3
  1804 | D:3      | Noticed Natasha
  1806 | D:3      | Noticed an ogre
  1812 | D:3      | Gained mutation: Potions are less effective at restoring
                  | your health. [potion of mutation]
  1813 | D:3      | Reached skill level 5 in Dodging
  1813 | D:3      | Reached XP level 5. HP: 62/62 MP: 4/4
  1816 | D:3      | Killed Natasha
  1819 | D:3      | Killed an ogre
  1820 | D:3      | Reached XP level 6. HP: 71/71 MP: 5/5
  1884 | D:3      | Noticed Natasha
  1927 | D:3      | Identified the +3 robe "Xugaukyo" {Archmagi}
  1929 | D:3      | Killed Natasha
  2346 | D:4      | Noticed Pikel
  2347 | D:4      | Found Itis's Armour Boutique.
  2366 | D:4      | Killed Pikel
  2367 | D:4      | Reached XP level 7. HP: 66/79 MP: 6/6
  2543 | D:4      | Noticed Dowan
  2544 | D:4      | Noticed Duvessa
  2549 | D:4      | Killed Duvessa
  2550 | D:4      | Reached XP level 8. HP: 82/88 MP: 7/7
  2558 | D:4      | Killed Dowan
  2598 | D:4      | Reached *** piety under Trog
  2658 | D:4      | Found a blossoming altar of Fedhas.
  2764 | D:5      | Entered Level 5 of the Dungeon
  2782 | D:4      | Slain by a vampire mosquito

Illustrated notes

Levels and vault maps discovered:
D:1:      dpeg_arrival_line_fractal, layout_basic, serial_shops, shop,
          grunt_decor_junction, lemuel_flame_loot_1
D:2:      layout_basic, kennysheep_donut
D:3:      layout_loops_ring, mainiacjoe_overflow_brackets, serial_bayou_pond_e,
          st_stairs_8, minmay_misc_feat_hallway,
          wander_ebering_terrifying_dragon_lair, uniq_natasha
D:4:      layout_gridville, fedhas_altar_decomposition, serial_shops, shop,
          uniq_duvessa, uniq_pikel
D:5:      layout_rooms

Skill      XL: |  1  2  3  4  5  6  7  8 |
---------------+-------------------------+-----
Fighting       | 3 7 8 |  8.4
Dodging        | 3 5 6 |  6.8
Unarmed Combat | 6 7 8 |  8.2

Action                     |  1- 3 |  4- 6 |  7- 9 || total
---------------------------+-------+-------+-------++-------
  Melee: Unarmed           |    55 |    59 |    77 ||   191
         Punch             |       |     3 |     9 ||    12
    Use: Potion            |       |     4 |     1 ||     5
         Scroll            |       |     7 |     1 ||     8
   Stab: Sleeping          |     1 |     1 |       ||     2
 Armour: Animal skin       |    24 |    29 |       ||    53
         Skin              |       |     9 |       ||     9
         Robe              |       |     9 |    66 ||    75
  Dodge: Dodged            |    22 |    27 |    47 ||    96
